 Dungeon Crawl Stone Soup version 0.30-a0-575-g6f4a10e2d2 (webtiles) character file.

Game seed: 3086021045978010044

6538 M4edhros the Martial Artist (level 11, -12/64 HPs)
             Began as an Octopode Artificer on Dec 30, 2022.
             Was a High Priest of Cheibriados.
             Mangled by a komodo dragon (18 damage)
             ... on level 1 of the Lair of Beasts.
             The game lasted 00:23:19 (4125 turns).

M4edhros the Martial Artist (Octopode Artificer)    Turns: 4125, Time: 00:23:20

Health: -12/64     AC:  8    Str: 23    XL:     11   Next: 1%
Magic:  9/11       EV: 20    Int: 25    God:    Cheibriados [*****.]
Gold:   360        SH:  0    Dex: 33    Spells: 2/10 levels left

rFire   . . .      SeeInvis .      - Unarmed
rCold   x . .      Faith    .    (no shield)
rNeg    . . .      Spirit   .    (helmet restricted)
rPois   .          Reflect  .    w - amulet of magic regeneration
rElec   .          Harm     .    i - +6 ring of dexterity
rCorr   .          Rampage  .    (no ring)
Will    .....                    (no ring)
Stlth   ++++++                   (no ring)
HPRegen 0.30/turn                (no ring)
MPRegen 0.52/turn                (no ring)
                                 (no ring)
                                 (no ring)

@: confusing by touch, ice-armoured, wereblooded, very slow
A: almost no armour, amphibious, 8 rings, camouflage 1, gelatinous body 1,
(nimble swimmer 1), tentacles, frail 1, cold vulnerability 1
a: Renounce Religion, Bend Time, Temporal Distortion, Slouch, Step From Time


You were on level 1 of the Lair of Beasts.
You worshipped Cheibriados.
Cheibriados was extremely pleased with you.
You visited 3 branches of the dungeon, and saw 11 of its levels.

You collected 360 gold pieces.

Inventory:

Hand Weapons
 x - a +0 sling
Missiles
 a - 18 poisoned darts (quivered)
 D - 2 throwing nets
Jewellery
 i - a +6 ring of dexterity (left tentacle)
 w - an amulet of magic regeneration (around mantle)
Wands
 b - a wand of flame (8)
Scrolls
 g - 3 scrolls of enchant weapon
 l - 2 scrolls of noise {unknown}
 q - 2 scrolls of amnesia {unknown}
 s - 6 scrolls of teleportation
 t - 2 scrolls of poison {unknown}
 u - 4 scrolls of blinking {unknown}
 v - 2 scrolls of magic mapping {unknown}
 y - a scroll of acquirement {unknown}
 B - a scroll of vulnerability {unknown}
 C - a scroll of butterflies {unknown}
 F - a scroll of fear {unknown}
Potions
 f - 2 potions of flight
 k - 2 potions of attraction
 m - a potion of resistance {unknown}
 n - a potion of haste {unknown}
 o - 2 potions of berserk rage
 r - 3 potions of curing
 A - a potion of ambrosia {unknown}
 E - a potion of brilliance
Miscellaneous
 c - a phantom mirror


   Skills:
 + Level 6.0 Fighting
 + Level 6.4 Dodging
 + Level 8.5 Stealth
 * Level 8.6 Unarmed Combat
 * Level 3.1 Hexes
 * Level 2.5 Transmutations
 - Level 5.4 Ice Magic
 + Level 7.3 Evocations


You had 2 spell levels left.
You knew the following spells:

 Your Spells              Type           Power      Damage    Failure   Level
a - Ozocubu's Armour      Ice            27%        N/A       4%          3
b - Confusing Touch       Hex            15%        N/A       12%         3
c - Wereblood             Tmut           12%        N/A       8%          2

Your spell library contained the following spells:

 Spells                   Type           Power      Damage    Failure   Level
 Kiss of Death            Conj/Necr      0%         2d5       14%         1
 Summon Small Mammal      Summ           0%         N/A       14%         1
 Static Discharge         Conj/Air       0%         2-2/arc   21%         2
 Sublimation of Blood     Necr           0%         N/A       21%         2
 Summon Guardian Golem    Hex/Summ       7%         N/A       22%         3
 Call Canine Familiar     Summ           0%         N/A       38%         3
 Vhi's Electric Charge    Tloc/Air       0%         N/A       38%         3
 Metabolic Englaciation   Hex/Ice        10%        N/A       54%         5
 Dispel Undead            Necr           0%         3d6       80%         4
 Arcjolt                  Conj/Air       0%         1d10      98%         5
 Lightning Bolt           Conj/Air       0%         1d11      98%         5
 Simulacrum               Ice/Necr       6%         N/A       100%        6
 Ozocubu's Refrigeration  Ice            13%        4d10      100%        7
 Summon Hydra             Summ           0%         N/A       100%        7


Dungeon Overview and Level Annotations

Branches:
Dungeon (9/15)             Temple (1/1) D:6            Lair (1/5) D:9
    Orc: D:9-12

Altars:
Cheibriados
Dithmenos
Fedhas
Kikubaaqudgha
Nemelex Xobeh
Okawaru
Ru
Wu Jian
Yredelemnul

Shops:
D:6 =

Annotations:
D:3 2 runed translucent doors, Azuvok's ghost, weakling MiFi


Innate Abilities, Weirdness & Mutations

You cannot wear most types of armour.
You are amphibious.
You can wear up to eight rings at the same time.
Your skin changes colour to match your surroundings (Stealth+).
Your rubbery body absorbs attacks. (AC +1, EV +1)
((You are camouflaged when in or above water. (Stealth+)))
You have tentacles for arms and can constrict up to eight enemies at once.
You are frail. (-10% HP)
You are vulnerable to cold. (rC-)


Message History

Casting: Ozocubu's Armour (dangerous; 4% risk of failure)
Confirm with . or Enter, or press ? or * to list all spells.
Your blood is infused with primal strength.
Okay, then.
Casting: Wereblood (safe; 8% risk of failure)
Confirm with . or Enter, or press ? or * to list all spells.
Your tentacles begin to glow red.
You tentacle-slap the komodo dragon but do no damage.
You tentacle-slap the komodo dragon. You squeeze the komodo dragon!
The komodo dragon is moderately wounded.
The komodo dragon bites you.
Okay, then.
You closely miss the komodo dragon. You tentacle-slap the komodo dragon.
The komodo dragon is moderately wounded.
The komodo dragon bites you!
You tentacle-slap the komodo dragon but do no damage.
The komodo dragon is moderately wounded.
The komodo dragon bites you.
You tentacle-slap the komodo dragon but do no damage.
You squeeze the komodo dragon, but do no damage.
The komodo dragon is moderately wounded.
The komodo dragon bites you!!
* * * LOW HITPOINT WARNING * * *
You feel much better. The komodo dragon bites you.
You tentacle-slap the komodo dragon but do no damage.
The komodo dragon is moderately wounded.
You tentacle-slap the komodo dragon but do no damage.
The komodo dragon is moderately wounded.
The komodo dragon closely misses you.
You closely miss the komodo dragon. You squeeze the komodo dragon.
The komodo dragon is moderately wounded.
The komodo dragon bites you!!
* * * LOW HITPOINT WARNING * * *
Okay, then.
Okay, then.
You tentacle-slap the komodo dragon but do no damage.
You squeeze the komodo dragon.
The komodo dragon is heavily wounded.
The komodo dragon bites you!!
You die...

###.....######....#...
#..##....[.......##...
#...##.....8....##....
##......#.......##....
.....##.#.8...8.#...#
.....####.......#...#
.....# #....8......#
#######.........l..###
#....#...##@....#
#...#.....##.......
..8.#.....## #.....>
##...#.....# ###...
#..###..... #. #....#
..###


You could see a komodo dragon.

Vanquished Creatures
  Psyche (D:8)
  A yaktaur (D:9)
  2 trolls (D:9)
  Sigmund (D:5)
  A wraith (D:9)
  9 yaks
  6 wyverns (D:9)
  A steam dragon (D:6)
  2 water moccasins
  2 orc warriors (D:8)
  A sky beast (D:7)
  A black bear (D:7)
  An ice beast (D:8)
  4 wolves (D:9)
  A centaur (D:7)
  A phantom (D:4)
  3 bullfrogs (D:7)
  5 scorpions
  5 wights
  6 killer bees (D:9)
  A howler monkey (D:7)
  2 hounds
  A jelly (D:6)
  3 iguanas
  2 orc wizards
  6 gnolls
  9 adders
  An ufetubus (D:5)
  A worm (D:2)
  3 dart slugs
  25 orcs
  6 bats
  5 endoplasms
  3 giant cockroaches
  7 goblins
  A hobgoblin (D:4)
  6 jackals (D:3)
  6 kobolds
  3 quokkas
  5 ball pythons
  4 frilled lizards
  3 rats
157 creatures vanquished.

Vanquished Creatures (collateral kills)
  An orc warrior (D:9)
  A black bear (D:5)
  2 wights (D:6)
  A hound (D:5)
  An orc wizard (D:6)
  An orc (D:9)
7 creatures vanquished.

Vanquished Creatures (others)
  A yak (D:8)
  An orc warrior (D:6)
  An ice beast (D:6)
  A wight (D:6)
  A white imp (D:6)
  7 fungi (D:9)
  18 plants (D:9)
30 creatures vanquished.

Grand Total: 194 creatures vanquished

Notes
Turn   | Place    | Note
-------+----------+-------------------------------------------
     0 | D:1      | M4edhros the Octopode Artificer began the quest for the
                  | Orb.
     0 | D:1      | Reached XP level 1. HP: 13/13 MP: 1/1
   111 | D:3      | Found a basalt altar of Yredelemnul.
   119 | D:3      | Reached XP level 2. HP: 11/18 MP: 2/2
   130 | D:3      | Reached skill level 1 in Unarmed Combat
   144 | D:3      | Found a sparkling altar of Nemelex Xobeh.
   250 | D:3      | Reached XP level 3. HP: 12/23 MP: 3/3
   361 | D:4      | You fall into a shaft and drop 3 floors!
   439 | D:7      | Noticed a sky beast
   449 | D:7      | Killed a sky beast
   450 | D:7      | Reached XP level 4. HP: 29/29 MP: 4/4
   450 | D:7      | Reached XP level 5. HP: 34/34 MP: 5/5
   467 | D:7      | Noticed a steam dragon
   480 | D:6      | Found Uqinoy's Jewellery Shop.
   539 | D:6      | Killed a steam dragon
   540 | D:6      | Reached XP level 6. HP: 41/41 MP: 6/6
   586 | D:6      | Noticed an ice beast
   599 | D:6      | Reached XP level 7. HP: 45/45 MP: 7/7
   720 | D:7      | Noticed a steam dragon
   788 | D:7      | Reached skill level 5 in Evocations
   811 | D:7      | Reached skill level 5 in Stealth
   811 | D:7      | Reached XP level 8. HP: 19/52 MP: 8/8
   911 | D:6      | Found a staircase to the Ecumenical Temple.
   919 | Temple   | Entered the Ecumenical Temple
   931 | Temple   | Became a worshipper of Cheibriados the Contemplative
  1049 | D:6      | Reached skill level 5 in Unarmed Combat
  1133 | D:5      | Entered Level 5 of the Dungeon
  1141 | D:5      | Learned a level 3 spell: Ozocubu's Armour
  1184 | D:5      | Reached skill level 1 in Ice Magic
  1187 | D:5      | Noticed Sigmund
  1352 | D:3      | Reached * piety under Cheibriados
  1448 | D:3      | Found an iron altar of Okawaru.
  1499 | D:2      | Learned a level 3 spell: Confusing Touch
  1558 | D:1      | Found a faded altar of an unknown god.
  1883 | D:2      | Reached ** piety under Cheibriados
  2029 | D:3      | Found a runed translucent door.
  2031 | D:3      | Noticed Azuvok's ghost (weakling MiFi)
  2055 | D:3      | Found an ancient bone altar of Kikubaaqudgha.
  2110 | D:3      | Found a runed translucent door.
  2170 | D:4      | You fall into a shaft and drop 1 floor!
  2193 | D:5      | Killed Sigmund
  2427 | D:4      | Reached XP level 9. HP: 48/59 MP: 9/9
  2472 | D:5      | Reached *** piety under Cheibriados
  2489 | D:5      | Found a sacrificial altar of Ru.
  2635 | D:6      | Found a blossoming altar of Fedhas.
  2908 | D:8      | Reached skill level 5 in Dodging
  2913 | D:8      | Noticed Psyche
  2920 | D:8      | Killed Psyche
  2977 | D:8      | Found an ornate altar of the Wu Jian Council.
  3006 | D:8      | Reached skill level 5 in Fighting
  3034 | D:8      | Found a shadowy altar of Dithmenos.
  3394 | D:9      | Reached XP level 10. HP: 37/66 MP: 7/10
  3405 | D:9      | Found a staircase to the Lair.
  3425 | D:9      | Reached skill level 5 in Ice Magic
  3450 | D:9      | Identified the +3 whip of the Sage {freeze, Fragile Str-3
                  | Dex+9}
  3511 | D:9      | Reached **** piety under Cheibriados
  3809 | D:9      | Reached skill level 1 in Hexes
  3834 | D:9      | Learned a level 2 spell: Wereblood
  3867 | D:9      | Reached skill level 1 in Transmutations
  3930 | D:9      | Noticed a white ugly thing
  4021 | D:9      | Reached ***** piety under Cheibriados
  4057 | D:9      | Reached XP level 11. HP: 64/72 MP: 9/11
  4062 | Lair:1   | Entered Level 1 of the Lair of Beasts
  4093 | Lair:1   | Gained mutation: You are clumsy. (Dex -2) [potion of
                  | mutation]
  4093 | Lair:1   | Gained mutation: Your body sometimes deteriorates upon
                  | taking damage. [potion of mutation]
  4093 | Lair:1   | Gained mutation: You expend magic power (3 MP) to
                  | strengthen your wands. [potion of mutation]
  4094 | Lair:1   | Lost mutation: You expend magic power (3 MP) to strengthen
                  | your wands. [potion of mutation]
  4094 | Lair:1   | Lost mutation: Your body sometimes deteriorates upon taking
                  | damage. [potion of mutation]
  4094 | Lair:1   | Gained mutation: You are vulnerable to cold. (rC-) [potion
                  | of mutation]
  4094 | Lair:1   | Lost mutation: You are clumsy. (Dex -2) [potion of
                  | mutation]
  4094 | Lair:1   | Gained mutation: You are frail. (-10% HP) [potion of
                  | mutation]
  4125 | Lair:1   | Mangled by a komodo dragon

Illustrated notes

Levels and vault maps discovered:
D:1:      psy_arrival_spokes, layout_basic,
          shapermc_ecumenical_altar_flowoftime, minmay_cupped
D:2:      layout_loops_ring
D:3:      layout_basic, nemelex_xobeh_ov_fountains_minmay, lemuel_round_altar,
          nicolae_overflow_crystal_walls, kennysheep_okawaru_gauntlet,
          ebering_ghost_sewer_f
D:4:      kennysheep_six_static_rooms, layout_basic,
          mainiacjoe_overflow_alcove_2
D:5:      layout_basic, nicolae_overflow_hidden_temple, serial_glass,
          glass_columns_c, glass_columns_b, item_on_display_a, feat_on_display,
          feat_on_display, interstate_on_off, nicolae_inconvenience_store,
          dk_noncrumbling_3, uniq_sigmund
D:6:      layout_basic, overflow_temple_1_default, minmay_temple_entry_junction,
          serial_shops, nicolae_shop_advertising_works
          [nicolae_subvault_shop_adworks]
D:7:      layout_basic, uniq_crazy_yiuf_cottage
D:8:      layout_loops_ring, mainiacjoe_overflow_boulevard,
          kennysheep_mini_moat, hangedman_decor_points,
          minmay_misc_feat_nine_boxes, uniq_psyche
D:9:      layout_roguey, zin_treasury, minmay_lair_entry_grove,
          hangedman_decor_riveting, minmay_three_doors
Temple:   minmay_temple_curvy_loop
Lair:1:   layout_cellular_growth, nicolae_volcano_entry_s_turn,
          grunt_megastairs_4

Skill      XL: |  1  2  3  4  5  6  7  8  9 10 |
---------------+-------------------------------+-----
Unarmed Combat | 1 2 3 4 6 7 8 |  8.6
Stealth        | 2 3 4 5 6 7 8 |  8.5
Fighting       | 2 3 4 5 6 |  6.0
Dodging        | 3 4 5 6 |  6.4
Evocations     | 4 5 6 7 |  7.3
Ice Magic      | 2 4 5 |  5.4
Hexes          | 3 |  3.1
Transmutations | 2 |  2.5

Action                   |  1- 3 |  4- 6 |  7- 9 | 10-12 || total
-------------------------+-------+-------+-------+-------++-------
Melee: Unarmed           |    62 |     7 |   222 |   113 ||   404
       Constrict         |    15 |     2 |    54 |    11 ||    82
       Tentacles         |    11 |       |    61 |    32 ||   104
       Punch             |     1 |       |    15 |    16 ||    32
Throw: Dart              |       |       |     3 |     1 ||     4
 Cast: Ozocubu's Armour  |       |       |     1 |    10 ||    11
       Wereblood         |       |       |       |     4 ||     4
       Confusing Touch   |       |       |       |     1 ||     1
Evoke: Wand              |     8 |    13 |    22 |     9 ||    52
  Use: Potion            |       |       |     7 |     3 ||    10
       Scroll            |       |       |       |     6 ||     6
 Stab: Sleeping          |     3 |       |    25 |     2 ||    30
       Distracted        |     1 |       |       |       ||     1
       Betrayed ally     |       |       |     1 |       ||     1
Armor: Skin              |     4 |       |    14 |     8 ||    26
Dodge: Dodged            |    43 |     5 |   129 |    90 ||   267

Table legend: (Time is in decaauts)
 A = Elapsed time spent in this place.
 B = Non-inter-level travel time spent in this place.
 C = Inter-level travel time spent in this place.
 D = Time resting spent in this place.
 E = Time spent auto-exploring this place.
 F = Levels seen in this place.
 G = Mean time per level.
                   A        B        C        D        E       F      G
               +--------+--------+--------+--------+--------+-----+--------+
         Total |   5472 |   5203 |    269 |     18 |    318 |  11 |  497.5 |
       Dungeon |   5352 |   5097 |    255 |     18 |    318 |   9 |  594.7 |
        Temple |     26 |     13 |     13 |      0 |      0 |   1 |   26.0 |
          Lair |     94 |     94 |      0 |      0 |      0 |   1 |   94.0 |
               +--------+--------+--------+--------+--------+-----+--------+

Top non-repeatable levels by time:
     D:9: 1087 daAuts
     D:6: 723 daAuts
     D:8: 710 daAuts
     D:3: 600 daAuts
     D:2: 496 daAuts
     D:4: 484 daAuts
     D:7: 475 daAuts
     D:5: 419 daAuts
     D:1: 355 daAuts
  Lair:1: 94 daAuts
  Temple: 26 daAuts
